SAAA
SANTA BARBARA GOLDEN CRANES @ VERMONT LAKE MONSTERS
08/21/2041
 
TOP OF THE 1ST
Santa Barbara Golden Cranes batting - Pitching for Vermont Lake Monsters : RHP Ingo Abresch
Pitching: RHP Ingo Abresch
Batting: RHB Jody Clark 0-0: Swinging Strike
0-1: SOLO HOME RUN (Flyball, 7D, EV 105.0 MPH), Distance : 375 ft
Batting: LHB Kyle Mullens 0-0: Ball
1-0: SINGLE (Groundball, 6D, EV 95.6 MPH)
Batting: RHB Ernest Lesley 0-0: Ball
1-0: Called Strike
1-1: Ball
2-1: Ball
3-1: Base on Balls
Kyle Mullens to second
Batting: LHB Braxton Cottongame 0-0: Ball
1-0: Ball
2-0: Ball
3-0: Base on Balls
Kyle Mullens to third
Ernest Lesley to second
Batting: RHB James Pike 0-0: Called Strike
0-1: Ball
1-1: Fly out, F7 (Flyball, 7, EV 91.2 MPH)
Batting: LHB Alfredo Garza 0-0: Ball
1-0: Foul Ball, location: 2F
1-1: Ball
2-1: Ball
3-1: Fly out, F7 (Flyball, 7LD, EV 96.9 MPH)
Runner from 3rd tags up, SCORES, throw by LF
Ernest Lesley to third
Batting: LHB Arto Toikka 0-0: Foul Ball, location: 2F
0-1: Foul Ball, location: 2F
0-2: Foul Ball, location: 2F
0-2: Fly out, F9 (Line Drive, 9, EV 91.9 MPH)
Top of the 1st over - 2 runs, 2 hits, 0 errors, 2 left on base; Santa Barbara 2 - Vermont 0
BOTTOM OF THE 1ST
Vermont Lake Monsters batting - Pitching for Santa Barbara Golden Cranes : RHP Dan Seymour
Pitching: RHP Dan Seymour
Batting: RHB Tim O'Brian 0-0: Foul Ball, location: 2F
0-1: Ball
1-1: Called Strike
1-2: Foul Ball, location: 2F
1-2: Ball
2-2: Ball
3-2: Foul Ball, location: 2F
3-2: SINGLE (Groundball, 56D, EV 94.4 MPH)
Batting: RHB Frank Tatum 0-0: Called Strike
0-1: Ball
1-1: SINGLE (Line Drive, 7S, EV 102.5 MPH)
Tim O'Brian to second
Batting: SHB Senthamilselvi Manohoran 0-0: Called Strike
0-1: Called Strike
0-2: Ball
1-2: Foul Ball, location: 2F
1-2: Ball
2-2: Foul Ball, location: 2F
2-2: Ball
3-2: SINGLE (Line Drive, 8RS, EV 114.4 MPH)
Tim O'Brian to third
Frank Tatum to second
Batting: LHB Todd Strachota 0-0: Called Strike
0-1: Ball
1-1: Ball
2-1: Swinging Strike
2-2: Strikes out swinging
Batting: RHB Sincere Wushon David 0-0: Ball
1-0: Ball
2-0: Ball
3-0: Base on Balls
Tim O'Brian scores
Frank Tatum to third
Senthamilselvi Manohoran to second
Batting: RHB Dusty Crum 0-0: Ball
1-0: Ball
2-0: Ball
3-0: Base on Balls
Frank Tatum scores
Senthamilselvi Manohoran to third
Sincere Wushon David to second
Batting: RHB Wally Hill 0-0: SINGLE (Line Drive, 9S, EV 92.5 MPH)
Senthamilselvi Manohoran scores
Sincere Wushon David to third
Dusty Crum to second
Batting: RHB Cord Hosenbeck 0-0: Ball
1-0: Called Strike
1-1: Swinging Strike
1-2: Grounds into double play, 6-4-3 (Groundball, 6, EV 103.1 MPH)
Bottom of the 1st over - 3 runs, 4 hits, 0 errors, 2 left on base; Santa Barbara 2 - Vermont 3
TOP OF THE 2ND
Santa Barbara Golden Cranes batting - Pitching for Vermont Lake Monsters : RHP Ingo Abresch
Batting: RHB Juan Ibarra 0-0: Ball
1-0: DOUBLE (Groundball, 5L, EV 94.4 MPH)
Batting: RHB Rocky Zolman 0-0: SINGLE (Groundball, 56D, EV 94.4 MPH)
Juan Ibarra to third
Batting: RHB Jody Clark 0-0: Ball
1-0: Called Strike
1-1: Ball
2-1: Called Strike
2-2: Strikes out swinging
Batting: LHB Kyle Mullens 0-0: Ball
1-0: Ball
2-0: Ball
3-0: Called Strike
3-1: Called Strike
3-2: Foul Ball, location: 2F
3-2: Strikes out swinging
Batting: RHB Ernest Lesley 0-0: Ball
1-0: Ball
2-0: Ball
3-0: Called Strike
3-1: Base on Balls
Rocky Zolman to second
Batting: LHB Braxton Cottongame 0-0: Called Strike
0-1: Ball
1-1: Ball
2-1: Ball
3-1: Base on Balls
Juan Ibarra scores
Rocky Zolman to third
Ernest Lesley to second
Batting: RHB James Pike 0-0: Ball
1-0: Ball
2-0: Foul Ball, location: 2F
2-1: GRAND SLAM HOME RUN (Line Drive, 7D, EV 105.6 MPH), Distance : 391 ft
Pitching: RHP Armando Trujillo
Batting: LHB Alfredo Garza 0-0: Hit by Pitch
Batting: LHB Arto Toikka 0-0: Called Strike
Alfredo Garza is caught stealing 2nd base 2-6
Top of the 2nd over - 5 runs, 3 hits, 0 errors, 0 left on base; Santa Barbara 7 - Vermont 3
BOTTOM OF THE 2ND
Vermont Lake Monsters batting - Pitching for Santa Barbara Golden Cranes : RHP Dan Seymour
Batting: SHB Junya Furuya 0-0: Called Strike
0-1: Ball
1-1: Fly out, F8 (Flyball, 89M, EV 81.9 MPH)
Batting: RHB Tim O'Brian 0-0: Ball
1-0: Swinging Strike
1-1: Called Strike
1-2: Foul Ball, location: 2F
1-2: Fly out, F8 (Flyball, 8LM, EV 94.4 MPH)
Batting: RHB Frank Tatum 0-0: Foul Ball, location: 2F
0-1: Ground out 6-3 (Groundball, 6M, EV 83.1 MPH)
Bottom of the 2nd over - 0 runs, 0 hits, 0 errors, 0 left on base; Santa Barbara 7 - Vermont 3
TOP OF THE 3RD
Santa Barbara Golden Cranes batting - Pitching for Vermont Lake Monsters : RHP Armando Trujillo
Batting: LHB Arto Toikka 0-0: Ball
1-0: Ball
2-0: Called Strike
2-1: Foul Ball, location: 2F
2-2: Ball
3-2: Base on Balls
Batting: RHB Juan Ibarra 0-0: Ball
Arto Toikka steals 2nd base
1-0: Ball
2-0: Called Strike
2-1: Ground out 4-3 (Groundball, 4M, EV 102.5 MPH)
Arto Toikka to third
Batting: RHB Rocky Zolman 0-0: Called Strike
0-1: Ball
1-1: SINGLE (Line Drive, 89S, EV 100.6 MPH)
Arto Toikka scores
Batting: RHB Jody Clark 0-0: Called Strike
0-1: Called Strike
Rocky Zolman steals 2nd base
0-2: Ball
1-2: Ball
Wild Pitch!
Rocky Zolman to third
2-2: Ball
3-2: Foul Ball, location: 2F
3-2: Foul Ball, location: 2F
3-2: Foul Ball, location: 2F
3-2: Base on Balls
Batting: LHB Kyle Mullens 0-0: Ball
1-0: Swinging Strike
1-1: SINGLE (Line Drive, 89S, EV 86.2 MPH)
Rocky Zolman scores
Jody Clark to second
Runner from 2nd tries for 3rd, SAFE, no throw by RF
Batting: RHB Ernest Lesley 0-0: Ball
1-0: Foul Ball, location: 2F
1-1: Ball
2-1: Swinging Strike
2-2: Ball
3-2: Base on Balls
Kyle Mullens to second
Batting: LHB Braxton Cottongame 0-0: Ball
1-0: Called Strike
1-1: Foul Ball, location: 2F
1-2: Ball
2-2: Ball
3-2: Base on Balls
Jody Clark scores
Kyle Mullens to third
Ernest Lesley to second
Batting: RHB James Pike 0-0: Ball
1-0: Foul Ball, location: 2F
1-1: Ball
2-1: Ball
3-1: Foul Ball, location: 2F
3-2: Foul Ball, location: 2F
3-2: Base on Balls
Kyle Mullens scores
Ernest Lesley to third
Braxton Cottongame to second
Pitching: RHP Juan Santos
Batting: LHB Alfredo Garza 0-0: Ball
1-0: Fly out, F7 (Flyball, 78M, EV 78.8 MPH)
Runner from 3rd tags up, OUT at HOME! 7-2
Top of the 3rd over - 4 runs, 2 hits, 0 errors, 2 left on base; Santa Barbara 11 - Vermont 3
BOTTOM OF THE 3RD
Vermont Lake Monsters batting - Pitching for Santa Barbara Golden Cranes : RHP Dan Seymour
Batting: SHB Senthamilselvi Manohoran 0-0: Fly out, F8 (Flyball, 8LM, EV 96.9 MPH)
Batting: LHB Todd Strachota 0-0: Ball
1-0: Foul Ball, location: 2F
1-1: Ball
2-1: Ball
3-1: Foul Ball, location: 2F
3-2: Strikes out looking
Batting: RHB Sincere Wushon David 0-0: Fly out, F3 (Popup, 3, EV 65.6 MPH)
Bottom of the 3rd over - 0 runs, 0 hits, 0 errors, 0 left on base; Santa Barbara 11 - Vermont 3
TOP OF THE 4TH
Santa Barbara Golden Cranes batting - Pitching for Vermont Lake Monsters : RHP Juan Santos
Batting: LHB Arto Toikka 0-0: Ball
1-0: Ball
2-0: Ball
3-0: Base on Balls
Batting: RHB Juan Ibarra 0-0: Foul Ball, location: 2F
0-1: Ball
1-1: Foul Ball, location: 2F
1-2: Grounds into double play, 5-4-3 (Groundball, 5, EV 85.6 MPH)
Batting: RHB Rocky Zolman 0-0: Called Strike
0-1: Ground out 6-3 (Groundball, 6, EV 89.4 MPH)
Top of the 4th over - 0 runs, 0 hits, 0 errors, 0 left on base; Santa Barbara 11 - Vermont 3
BOTTOM OF THE 4TH
Vermont Lake Monsters batting - Pitching for Santa Barbara Golden Cranes : RHP Dan Seymour
Batting: RHB Dusty Crum 0-0: Fly out, F6 (Popup, 4M, EV 79.4 MPH)
Batting: RHB Wally Hill 0-0: Called Strike
0-1: Fly out, F6 (Line Drive, 6, EV 69.4 MPH)
Batting: RHB Cord Hosenbeck 0-0: Ball
1-0: Ball
2-0: Called Strike
2-1: Foul Ball, location: 2F
2-2: SINGLE (Line Drive, 78M, EV 95.6 MPH)
Batting: SHB Junya Furuya 0-0: Foul Ball, location: 2F
0-1: Ball
1-1: Fly out, F7 (Line Drive, 7, EV 90.0 MPH)
Bottom of the 4th over - 0 runs, 1 hit, 0 errors, 1 left on base; Santa Barbara 11 - Vermont 3
TOP OF THE 5TH
Santa Barbara Golden Cranes batting - Pitching for Vermont Lake Monsters : RHP Juan Santos
Batting: RHB Jody Clark 0-0: Called Strike
0-1: Ball
1-1: Ball
2-1: Fly out, F9 (Flyball, 9LS, EV 89.4 MPH)
Batting: LHB Kyle Mullens 0-0: Ball
1-0: Ball
2-0: SINGLE (Groundball, 4MD, EV 99.4 MPH)
Batting: RHB Ernest Lesley 0-0: Called Strike
0-1: Foul Ball, location: 2F
0-2: Strikes out looking
Batting: LHB Braxton Cottongame 0-0: Ball
1-0: Foul Ball, location: 2F
1-1: Swinging Strike
1-2: Foul Ball, location: 2F
1-2: Foul Ball, location: 2F
1-2: Fly out, F7 (Flyball, 7LSF, EV 93.1 MPH)
Top of the 5th over - 0 runs, 1 hit, 0 errors, 1 left on base; Santa Barbara 11 - Vermont 3
BOTTOM OF THE 5TH
Vermont Lake Monsters batting - Pitching for Santa Barbara Golden Cranes : RHP Dan Seymour
Batting: RHB Tim O'Brian 0-0: Called Strike
0-1: Foul Ball, location: 2F
0-2: Ball
1-2: Strikes out swinging
Batting: RHB Frank Tatum 0-0: SINGLE (Groundball, 6MD, EV 106.9 MPH)
Batting: SHB Senthamilselvi Manohoran 0-0: Called Strike
0-1: Ball
1-1: Swinging Strike
1-2: Fly out, F7 (Flyball, 7LSF, EV 94.4 MPH)
Pitching: RHP Jim Perry
Batting: LHB Todd Strachota 0-0: Ball
1-0: Ball
2-0: Ball
3-0: Base on Balls
Frank Tatum to second
Batting: RHB Sincere Wushon David 0-0: Called Strike
0-1: Fly out, F4 (Popup, 3S, EV 78.1 MPH)
Bottom of the 5th over - 0 runs, 1 hit, 0 errors, 2 left on base; Santa Barbara 11 - Vermont 3
TOP OF THE 6TH
Santa Barbara Golden Cranes batting - Pitching for Vermont Lake Monsters : RHP Juan Santos
Batting: RHB James Pike 0-0: Ground out U3 (Groundball, 3, EV 98.8 MPH)
Batting: LHB Alfredo Garza 0-0: Swinging Strike
0-1: Called Strike
0-2: Ball
1-2: Fly out, F7 (Flyball, 78S, EV 91.2 MPH)
Batting: LHB Arto Toikka 0-0: Fly out, F5 (Line Drive, 5, EV 71.2 MPH)
Top of the 6th over - 0 runs, 0 hits, 0 errors, 0 left on base; Santa Barbara 11 - Vermont 3
BOTTOM OF THE 6TH
Vermont Lake Monsters batting - Pitching for Santa Barbara Golden Cranes : RHP Jim Perry
Batting: RHB Dusty Crum 0-0: Ball
1-0: Foul Ball, location: 2F
1-1: Called Strike
1-2: Ball
2-2: Ball
3-2: Strikes out swinging
Batting: RHB Wally Hill 0-0: Ball
1-0: SINGLE (Line Drive, 4MD, EV 99.4 MPH)
Batting: RHB Cord Hosenbeck 0-0: Ball
1-0: Hit by Pitch
Wally Hill to second
Batting: SHB Junya Furuya 0-0: Ball
1-0: Called Strike
1-1: Ball
Wally Hill is caught stealing 3rd base 2-5
2-1: Called Strike
2-2: Strikes out swinging
Bottom of the 6th over - 0 runs, 1 hit, 0 errors, 1 left on base; Santa Barbara 11 - Vermont 3
TOP OF THE 7TH
Santa Barbara Golden Cranes batting - Pitching for Vermont Lake Monsters : RHP Juan Santos
Batting: RHB Juan Ibarra 0-0: Foul Ball, location: 2F
0-1: Foul Ball, location: 2F
0-2: Foul Ball, location: 2F
0-2: Ground out U3 (Groundball, 34, EV 98.1 MPH)
Batting: RHB Rocky Zolman 0-0: Called Strike
0-1: Ground out 3-1 (Groundball, 34, EV 81.9 MPH)
Pinch Hitting: RHB Pat Lloyd 0-0: Called Strike
0-1: Called Strike
0-2: SINGLE (Groundball, 56D, EV 96.9 MPH)
Batting: LHB Kyle Mullens 0-0: Foul Ball, location: 2F
0-1: Foul Ball, location: 2F
0-2: Ball
1-2: Foul Ball, location: 2F
1-2: Fly out, F9 (Flyball, 89D, EV 73.1 MPH)
Top of the 7th over - 0 runs, 1 hit, 0 errors, 1 left on base; Santa Barbara 11 - Vermont 3
BOTTOM OF THE 7TH
Vermont Lake Monsters batting - Pitching for Santa Barbara Golden Cranes : RHP Jim Perry
Now in LF: Steve Murdock
Batting: RHB Tim O'Brian 0-0: Ball
1-0: Ball
2-0: Ball
3-0: Called Strike
3-1: Swinging Strike
3-2: Ground out 6-3 (Groundball, 6, EV 79.4 MPH)
Pinch Hitting: RHB Meshach Ashpenaz 0-0: Called Strike
0-1: Ball
1-1: Called Strike
1-2: Ball
2-2: Ground out 6-3 (Groundball, 6, EV 85.6 MPH)
Batting: SHB Senthamilselvi Manohoran 0-0: Ball
1-0: Swinging Strike
1-1: Ball
2-1: Ball
3-1: Swinging Strike
3-2: Strikes out swinging
Bottom of the 7th over - 0 runs, 0 hits, 0 errors, 0 left on base; Santa Barbara 11 - Vermont 3
TOP OF THE 8TH
Santa Barbara Golden Cranes batting - Pitching for Vermont Lake Monsters : RHP Juan Santos
Pitching: RHP Carlos González
Now in RF: Ryan Ferguson
Batting: RHB Ernest Lesley 0-0: DOUBLE (Line Drive, 8LD, EV 100.0 MPH)
Batting: LHB Braxton Cottongame 0-0: Ball
1-0: Foul Ball, location: 2F
1-1: Foul Ball, location: 2F
1-2: Ball
2-2: Foul Ball, location: 2F
2-2: Strikes out looking
Batting: RHB James Pike 0-0: Called Strike
0-1: Ground out 1-3 (Groundball, 34S, EV 81.9 MPH)
Ernest Lesley to third
Batting: LHB Alfredo Garza 0-0: Swinging Strike
0-1: Ball
1-1: Foul Ball, location: 2F
1-2: Ball
2-2: Ball
3-2: Strikes out swinging
Top of the 8th over - 0 runs, 1 hit, 0 errors, 1 left on base; Santa Barbara 11 - Vermont 3
BOTTOM OF THE 8TH
Vermont Lake Monsters batting - Pitching for Santa Barbara Golden Cranes : RHP Jim Perry
Batting: LHB Todd Strachota 0-0: Ball
1-0: Foul Ball, location: 2F
1-1: Ground out 4-3 (Groundball, 4, EV 85.6 MPH)
Batting: RHB Sincere Wushon David 0-0: Ball
1-0: Called Strike
1-1: Ball
2-1: Ball
3-1: Ground out 2-3 (Groundball, 2L, EV 75.0 MPH)
Batting: RHB Dusty Crum 0-0: Swinging Strike
0-1: Called Strike
0-2: SINGLE (Groundball, 56D, EV 95.0 MPH)
Batting: RHB Wally Hill 0-0: Called Strike
0-1: Ball
1-1: Called Strike
1-2: DOUBLE (Flyball, 78D, EV 99.4 MPH)
Dusty Crum to third
Batting: RHB Cord Hosenbeck 0-0: Ball
Wild Pitch!
Dusty Crum scores
Wally Hill to third
1-0: Ball
2-0: Called Strike
2-1: DOUBLE (Line Drive, 78D, EV 110.6 MPH)
Wally Hill scores
Batting: SHB Junya Furuya 0-0: Ball
1-0: Foul Ball, location: 2F
1-1: Foul Ball, location: 2F
1-2: Ball
2-2: Ball
3-2: Ground out 6-3 (Groundball, 4M, EV 99.4 MPH)
Bottom of the 8th over - 2 runs, 3 hits, 0 errors, 1 left on base; Santa Barbara 11 - Vermont 5
TOP OF THE 9TH
Santa Barbara Golden Cranes batting - Pitching for Vermont Lake Monsters : RHP Carlos González
Batting: LHB Arto Toikka 0-0: Called Strike
0-1: SINGLE (Groundball, 13S, EV 67.5 MPH) (infield hit)
Batting: RHB Juan Ibarra 0-0: Ball
1-0: Fly out, F4 (Popup, 4, EV 55.0 MPH)
Batting: RHB Rocky Zolman 0-0: Called Strike
0-1: Ball
1-1: Foul Ball, location: 2F
1-2: Ball
2-2: Strikes out swinging
Batting: LHB Steve Murdock 0-0: Called Strike
0-1: SINGLE (Groundball, 3, EV 106.9 MPH) (infield hit)
Arto Toikka to second
Batting: LHB Kyle Mullens 0-0: Ball
1-0: Ball
2-0: SINGLE (Groundball, 3D, EV 107.5 MPH)
Arto Toikka to third
Steve Murdock to second
Runner from 3rd tries for Home, SAFE, throw by RF to home
Batting: RHB Ernest Lesley 0-0: Ball
1-0: Fielders Choice at 2nd, 5-4 (Groundball, 5, EV 101.9 MPH)
Top of the 9th over - 1 run, 3 hits, 0 errors, 2 left on base; Santa Barbara 12 - Vermont 5
BOTTOM OF THE 9TH
Vermont Lake Monsters batting - Pitching for Santa Barbara Golden Cranes : RHP Jim Perry
Pitching: RHP Toddster Gordo
Batting: RHB Tim O'Brian 0-0: Called Strike
0-1: Ground out 1-3 (Groundball, P, EV 70.6 MPH)
Batting: LHB Ryan Ferguson 0-0: Foul Ball, location: 2F
0-1: Ball
1-1: Ball
2-1: Fly out, F7 (Line Drive, 7, EV 91.9 MPH)
Batting: SHB Senthamilselvi Manohoran 0-0: Ball
1-0: Ball
2-0: Foul Ball, location: 2F
2-1: Foul Ball, location: 2F
2-2: Foul Ball, location: 2F
2-2: Strikes out swinging
Bottom of the 9th over - 0 runs, 0 hits, 0 errors, 0 left on base; Santa Barbara 12 - Vermont 5
Tuesday, January 5th, 2021 - OOTP Baseball 20.8 Build 74